 Dungeon Crawl Stone Soup version 0.31-a0-182-gc5ef74bbde (webtiles) character file.

Game seed: 2248799073398083225

186 qw the Chopper (level 5, -2/32 HPs)
             Began as a Gargoyle Fighter on June 20, 2023.
             Slain by a gnoll
             ... wielding a +0 halberd
              (11 damage)
             ... on level 3 of the Dungeon.
             The game lasted 00:01:02 (2047 turns).

qw the Chopper (Gargoyle Fighter)                   Turns: 2047, Time: 00:01:02

Health: -2/32      AC: 10    Str: 22    XL:     5   Next: 66%
Magic:  5/5        EV:  9    Int:  8    God:
Gold:   128        SH:  4    Dex:  9    Spells: 4/4 levels left

rFire   . . .        Y - +0 war axe
rCold   . . .        c - +0 buckler
rNeg    + . .        b - +0 scale mail
rPois   inf          (no helmet)
rElec   +            (no cloak)
rCorr   .            (no gloves)
SInv    .            (no boots)
Will    .....        (no amulet) Stlth
                     (no ring)
HPRegen 0.25/turn    (no ring)
MPRegen 0.09/turn

%: no passive effects
@: no status effects
A: sickness immunity, AC +4, negative energy resistance 1, electricity
resistance, torment resistance 1, petrification resistance
a: no special abilities


You were on level 3 of the Dungeon.
You visited 1 branch of the dungeon, and saw 3 of its levels.

You collected 128 gold pieces.


Innate Abilities, Weirdness & Mutations

You are immune to sickness and miasma.
Your stone body is resilient. (AC +4)
You are immune to poison.
You resist negative energy. (rN+)
You are resistant to electric shocks. (rElec)
You are resistant to unholy torment.
You are immune to petrification.


   Skills:
 + Level 3.6 Fighting
 - Level 5.0 Axes
 - Level 3.2 Armour
 - Level 3.2 Shields


You had 4 spell levels left.
You didn't know any spells.
Your spell library was empty.

Inventory:

Hand Weapons
 g - a +0 flail
 Y - a +0 war axe (weapon)
Armour
 b - a +0 scale mail (worn)
 c - a +0 buckler (worn)
Scrolls
 e - a scroll of identify
 m - a scroll of teleportation
Potions
 a - a potion of heal wounds
 d - 2 potions of might
 f - 4 potions of curing
 h - a potion of resistance {unknown}
 k - a potion of invisibility {unknown}

Dungeon Overview and Level Annotations

Branches:
Dungeon (3/15)

Altars:

Shops:
D:1 *


Message History

The gnoll is severely wounded.
The gnoll hits you with a +0 halberd.
You barely miss the gnoll.
The gnoll is severely wounded.
The gnoll throws a throwing net.
The throwing net closely misses you. You block the gnoll's attack.
You closely miss the gnoll.
The gnoll is severely wounded.
The gnoll closely misses you. The gnoll hits you with a +0 halberd.
The gnoll barely misses you. The gnoll hits you with a +0 flail.
You hit the gnoll but do no damage.
The gnoll is severely wounded.
You hit the gnoll. The gnoll hits you but does no damage.
The gnoll barely misses you. The gnoll hits you with a +0 halberd.
You slash the gnoll!
You kill the gnoll!
You closely miss the gnoll. The gnoll barely misses you.
You block the gnoll's attack.
You hit the gnoll.
The gnoll is moderately wounded.
The gnoll hits you but does no damage. The gnoll hits you with a +0 flail.
The gnoll hits you from afar with a +0 halberd.
The gnoll barely misses you.
You closely miss the gnoll.
The gnoll is moderately wounded.
The gnoll hits you but does no damage. The gnoll hits you with a +0 flail.
You slash the gnoll!
The gnoll is almost dead.
The gnoll drinks a potion.
The gnoll seems to grow stronger.
The gnoll hits you but does no damage.
You closely miss the gnoll.
The gnoll is almost dead.
You block the gnoll's attack. x2
You slash the gnoll!
You kill the gnoll!
The gnoll hits you from afar with a +0 halberd.
The gnoll barely misses you. The gnoll hits you with a +0 halberd!
You die...

### ..# # #.#######
.## ........# ###...
#.#####.# ######...#
..# #....(...## ####
#.###.....# ...#
#.####....@)...#
##.#
#.......##.g...# #.#
#######.#.....## #.#
#####.%.....#.##
##)###.....##.#..#.#
..).)......##.#..#.#
##.##.........#..#..
#.##......####... .
..##......# .#


You could see a gnoll (strong).

Vanquished Creatures
  6 gnolls (D:3)
  7 adders (D:2)
  A dart slug (D:1)
  2 ball pythons (D:2)
  5 endoplasms
  A giant cockroach (D:2)
  4 goblins
  4 hobgoblins
  9 jackals
  3 quokkas
  5 bats
  A frilled lizard (D:2)
  A kobold (D:1)
  22 rats
71 creatures vanquished.

Notes
Turn   | Place    | Note
-------+----------+-------------------------------------------
     0 | D:1      | qw the Gargoyle Fighter began the quest for the Orb.
     0 | D:1      | Reached XP level 1. HP: 14/14 MP: 1/1
     0 | D:1      | 0 ||| qw: Version: 0.3-a-9-g12657ce
     0 | D:1      | 0 ||| qw: Game counter: 1336
     0 | D:1      | 0 ||| qw: Always use a shield: true
     0 | D:1      | 0 ||| qw: God list: Okawaru
     0 | D:1      | 0 ||| qw: Allow faded altars: false
     0 | D:1      | 0 ||| qw: Do Orc after D:15 true
     0 | D:1      | 0 ||| qw: Do second Lair branch before Depths: true
     0 | D:1      | 0 ||| qw: Lair rune preference: random
     0 | D:1      | 0 ||| qw: Plans: Normal, Zot:1-4, Slime:5, God:TSO, Crypt,
                  | Tomb, Abyss, Pan, Hells, Win
     0 | D:1      | 0 ||| PLANNING D:1-11
    25 | D:1      | Reached skill level 2 in Axes
   202 | D:1      | Reached XP level 2. HP: 19/19 MP: 2/2
   502 | D:1      | Found Oruikoi's Assorted Antiques.
   505 | D:1      | 505 ||| SHOPLISTING blackened garnet ring (140 gold, have
                  | 15).
   505 | D:1      | 505 ||| SHOPLISTING bubbling ruby potion (25 gold, have
                  | 15).
   505 | D:1      | 505 ||| SHOPLISTING helmet (126 gold, have 15).
   505 | D:1      | 505 ||| SHOPLISTING scroll labelled DARUSOM IZUENY (28
                  | gold, have 15).
   505 | D:1      | 505 ||| SHOPLISTING scroll labelled NUEKU EKHI (28 gold,
                  | have 15).
   505 | D:1      | 505 ||| SHOPLISTING silvery potion (25 gold, have 15).
   553 | D:1      | Reached skill level 3 in Axes
   558 | D:1      | Reached XP level 3. HP: 23/23 MP: 3/3
  1043 | D:1      | 1043 ||| READING scroll labelled AQARRO ECURGH.
  1044 | D:1      | 1044 ||| READING scroll labelled PANIYPLAXA.
  1045 | D:1      | 1045 ||| DRINKING 4 silvery potions.
  1099 | D:2      | 1099 ||| Stepping ~*~*~tactically~*~*~ (stealth).
  1100 | D:2      | 1100 ||| Stepping ~*~*~tactically~*~*~ (stealth).
  1127 | D:2      | 1127 ||| Stepping ~*~*~tactically~*~*~ (stealth).
  1133 | D:2      | 1133 ||| Stepping ~*~*~tactically~*~*~ (stealth).
  1276 | D:2      | Reached XP level 4. HP: 27/28 MP: 4/4
  1384 | D:2      | Reached skill level 4 in Axes
  1484 | D:2      | 1484 ||| DROPPING +0 club.
  1526 | D:2      | 1526 ||| Stepping ~*~*~tactically~*~*~ (stealth).
  1811 | D:2      | Reached XP level 5. HP: 32/32 MP: 5/5
  1856 | D:2      | 1856 ||| DROPPING orb of light.
  1857 | D:2      | 1857 ||| READING scroll labelled ABONLA BUBU.
  1858 | D:2      | 1858 ||| READING scroll labelled WYBRORHEDGH.
  1859 | D:2      | 1859 ||| READING scroll labelled NUEKU EKHI.
  1860 | D:2      | 1860 ||| READING scroll labelled ONTA MASEESSIGG.
  1861 | D:2      | 1861 ||| READING 2 scrolls labelled DARUSOM IZUENY.
  1874 | D:2      | 1874 ||| READING 2 scrolls of identify.
  1874 | D:2      | 1874 ||| IDENTIFYING bubbling yellow potion
  1903 | D:3      | 1903 ||| Stepping ~*~*~tactically~*~*~ (hiding).
  1922 | D:3      | Reached skill level 5 in Axes
  2007 | D:3      | 2007 ||| DROPPING +0 mace.
  2027 | D:3      | 2027 ||| Stepping ~*~*~tactically~*~*~ (stealth).
  2028 | D:3      | 2028 ||| Stepping ~*~*~tactically~*~*~ (stealth).
  2034 | D:3      | 2034 ||| Stepping ~*~*~tactically~*~*~ (stealth).
  2047 | D:3      | Slain by a gnoll

Levels and vault maps discovered:
D:1:      ncdulo_watergridlock, layout_basic, serial_shops,
          nicolae_shop_window_shopping
D:2:      layout_basic, minmay_rat_hole
D:3:      layout_loops_cross, lemuel_zombie_altar_kikubaaqudgha, minitemple,
          nicolae_grassy_gnolls, uniq_ijyb

Skill      XL: |  1  2  3  4  5 |
---------------+----------------+-----
Axes           | 2 3 4 5 |  5.0
Fighting       | |  3.6
Armour         | |  3.2
Shields        | |  3.2

Action                     |  1- 3 |  4- 6 || total
---------------------------+-------+-------++-------
  Melee: War axe           |    81 |   110 ||   191
    Use: Scroll            |     2 |     6 ||     8
         Potion            |     1 |       ||     1
 Armour: Scale mail        |    50 |    40 ||    90
  Dodge: Dodged            |    34 |    51 ||    85
  Block: Buckler           |    16 |    17 ||    33

Table legend:
 A = Non-vault XP
 B = Vault XP
 C = Vault XP percentage of total XP
 D = Non-vault monster count
 E = Vault monster count
 F = Vault count percentage of total count
                 A         B        C        D         E       F
            +---------+---------+-------+---------+---------+-------
      Total |     247 |      20 |   7.5 |      52 |      19 |  26.8
            +---------+---------+-------+---------+---------+-------
        D:1 |      36 |       0 |   0.0 |      21 |       0 |   0.0
        D:2 |     123 |      20 |  14.0 |      24 |      19 |  44.2
        D:3 |      88 |       0 |   0.0 |       7 |       0 |   0.0
            +---------+---------+-------+---------+---------+-------
